 Dungeon Crawl Stone Soup version 0.21.1-1-g345015f (webtiles) character file.

5626 VLARC the Grappler (level 10, -1/51 HPs)
             Began as a Vine Stalker Transmuter on Mar 27, 2018.
             Was a Believer of Cheibriados.
             Splashed by a jelly's acid (2 damage)
             ... on level 8 of the Dungeon.
             The game lasted 00:26:14 (7881 turns).

VLARC the Grappler (Vine Stalker Transmuter)        Turns: 7881, Time: 00:26:16

Health: -1/51      AC:  2    Str: 23    XL:     10   Next: 74%
Magic:  0/14       EV: 19    Int: 19    God:    Cheibriados [**....]
Gold:   396        SH:  0    Dex: 24    Spells: 3/13 levels left

rFire    . . .     SeeInvis .     - Unarmed
rCold    . . .     Gourm    .   (shield currently unavailable)
rNeg     . . .     Faith    .   (armour currently unavailable)
rPois    x         Spirit   +   (helmet currently unavailable)
rElec    .         Reflect  .   (cloak currently unavailable)
rCorr    .         Harm     .   (gloves currently unavailable)
MR       +....                  (boots currently unavailable)
Stlth    ++........             (no amulet)
HPRegen  0.57/turn              m - +2 ring of strength
MPRegen  0.14/turn              (no ring)

@: spider-form, very slow
A: tiny, regeneration 1, magic shield, no potion heal 3, rot immunity
a: End Transformation, Bend Time, Renounce Religion


You were on level 8 of the Dungeon.
You worshipped Cheibriados.
Cheibriados was pleased with you.
You were not hungry.
You were a venomous arachnid creature.
You visited 2 branches of the dungeon, and saw 9 of its levels.

You collected 531 gold pieces.
You spent 135 gold pieces at shops.

Inventory:

Hand Weapons
 b - a +5 hunting sling
Missiles
 a - 161 arrows
 r - 79 sling bullets
 s - 302 stones (quivered)
 u - 68 bolts
 A - a throwing net
Armour
 h - a +0 robe (melded)
 i - a +0 pair of gloves (melded)
 k - a +1 pair of boots (melded)
 v - a +2 cloak of invisibility (melded)
Jewellery
 m - a +2 ring of strength (left front leg)
 y - an uncursed ring of flight {unknown}
Wands
 n - a wand of polymorph (6)
 q - a wand of digging (11)
 x - a wand of iceblast (8)
 C - a wand of enslavement (16)
Scrolls
 d - 4 scrolls of identify
 e - 2 scrolls of amnesia
 j - 3 scrolls of remove curse
 l - a scroll of holy word
 p - 4 scrolls of enchant weapon
Potions
 g - 4 potions of curing
 o - 3 potions of ambrosia
 t - a potion of berserk rage {unknown}
 w - a potion of mutation
 z - a potion of resistance {unknown}
 F - a potion of agility {unknown}
Books
 c - a book of Changes

   Spells                             Type                      Level
   a - Beastly Appendage              Transmutation                1
   b - Sticks to Snakes               Transmutation                2
   c - Spider Form                    Transmutation/Poison         3
   d - Ice Form                       Ice/Transmutation            4
   e - Blade Hands                    Transmutation                5
Comestibles
 f - 20 rations


   Skills:
 - Level 5.0 Fighting
 - Level 1.5 Dodging
 + Level 11.3 Unarmed Combat
 - Level 2.1 Spellcasting
 - Level 9.2 Transmutations
 + Level 3.7 Ice Magic


You had 3 spell levels left.
You knew the following spells:

 Your Spells              Type           Power        Failure   Level  Hunger
a - Beastly Appendage     Tmut           #####.       3%          1    #......
b - Sticks to Snakes      Tmut           #####...     3%          2    ##.....
c - Spider Form           Tmut/Pois      ###.......   21%         3    ###....
d - Ice Form              Ice/Tmut       ####....     28%         4    #####..


Dungeon Overview and Level Annotations

Branches:
Dungeon (8/15)             Temple (1/1) D:7
   Lair: D:8-11

Altars:
Ashenzari
Cheibriados
Dithmenos
Elyvilon
Hepliaklqana
Kikubaaqudgha
Makhleb
Nemelex Xobeh
Okawaru
Ru
Trog
Uskayaw
Vehumet
Wu Jian
Xom
Yredelemnul
Zin
The Shining One

Shops:
D:4 %   D:5 *

Annotations:
D:4 Kairos's ghost, amateur DsSk
D:5 xccam's ghost, novice TrBe


Innate Abilities, Weirdness & Mutations

((You have razor-sharp teeth.))
Your natural rate of healing is unusually fast.
When hurt, damage is shared between your health and your magic reserves.
((Your bite disrupts and absorbs the magic of your enemies.))
Potions cannot restore your health.
You are immune to rotting.


Message History

The hippogriff is severely wounded.
The hippogriff bites you! The hippogriff pecks you. The hippogriff misses you.
The jelly closely misses you. The jelly hits you.
You are splashed with acid!
The acid burns!
* * * LOW HITPOINT WARNING * * *
You completely miss the jelly. You hit the jelly.
Your front legs burn!
* * * LOW HITPOINT WARNING * * *
The jelly is lightly wounded.
You kill the hippogriff!
Cheibriados appreciates the change of pace.
The jelly hits you.
* * * LOW HITPOINT WARNING * * *
You are splashed with acid!
The acid burns!
* * * LOW HITPOINT WARNING * * *
Okay, then.
Okay, then.
You don't have enough magic at the moment.
You bite the jelly!
The jelly is poisoned.
Your front legs burn!
You die...

............#.. #.
...............
#.#
...........###.
#.. .###...#### #.
## #.. #...######.
..#?. #..........
. ... #.#########
#..[##.#########.#
........Js.......#
.......###########
....... ....###
... .. .


You could see a jelly.

Vanquished Creatures
  3 two-headed ogres
  A hippogriff (D:8)
  A hungry ghost (D:7)
  A naga (D:6)
  Menkaure (D:5)
  An orc warrior (D:7)
  3 ice beasts
  A sky beast (D:8)
  3 ogres
  2 phantoms
  A necrophage (D:6)
  4 centaurs
  A big kobold (D:6)
  4 bullfrogs
  2 scorpions
  4 killer bees (D:7)
  3 wights (D:8)
  2 crimson imps
  A bullfrog zombie (D:6)
  An iron imp (D:5)
  4 hounds
  A jelly (D:6)
  4 orc priests
  Crazy Yiuf (D:2)
  A centaur skeleton (D:6)
  Jessica (D:2)
  An iguana (D:8)
  9 orc wizards
  9 worker ants
  A hound skeleton (D:4)
  A gnoll (D:6)
  5 adders
  A shadow imp (D:5)
  2 oozes
  An adder skeleton (D:4)
  4 worms
  2 dart slugs (D:1)
  2 leopard geckos
  28 orcs
  5 giant cockroaches
  7 goblins
  7 hobgoblins
  4 jackals
  10 kobolds
  5 quokkas
  A ball python zombie (D:5)
  9 bats
  3 frilled lizards
  A goblin skeleton (D:5)
  A goblin zombie (D:5)
  3 hobgoblin zombies (D:5)
  3 kobold zombies (D:5)
  An orc skeleton (D:5)
  An orc zombie (D:5)
  A quokka skeleton (D:4)
  9 rats
  A bush (D:6)
190 creatures vanquished.

Notes
Turn   | Place    | Note
-------+----------+-------------------------------------------
     0 | D:1      | VLARC the Vine Stalker Transmuter began the quest for the Orb.
     0 | D:1      | Reached XP level 1. HP: 9/9 MP: 4/4
     7 | D:1      | Reached skill level 1 in Fighting
   205 | D:1      | Reached XP level 2. HP: 12/14 MP: 6/6
   674 | D:1      | Reached XP level 3. HP: 18/18 MP: 7/7
   713 | D:1      | Learned a level 2 spell: Sticks to Snakes
   717 | D:1      | Learned a level 3 spell: Spider Form
  1138 | D:2      | Noticed Jessica
  1145 | D:2      | Killed Jessica
  1145 | D:2      | Reached skill level 4 in Unarmed Combat
  1145 | D:2      | Gained mutation: Your natural rate of healing is unusually fast. [Vine Stalker growth]
  1145 | D:2      | Reached XP level 4. HP: 21/23 MP: 5/8
  1340 | D:2      | Found an ancient bone altar of Kikubaaqudgha.
  1412 | D:2      | Found a runed door.
  1486 | D:3      | Found a shadowy altar of Dithmenos.
  1641 | D:3      | Found a faded altar of an unknown god.
  1892 | D:3      | Found a radiant altar of Vehumet.
  1964 | D:3      | Reached XP level 5. HP: 28/28 MP: 9/9
  2018 | D:3      | Found a shattered altar of Ashenzari.
  2909 | D:4      | Found Taric's Food Shop.
  2982 | D:4      | Noticed Kairos's ghost (amateur DsSk)
  3215 | D:4      | Noticed a phantom
  3226 | D:4      | Reached skill level 5 in Unarmed Combat
  3292 | D:4      | Reached XP level 6. HP: 32/32 MP: 10/10
  3370 | D:4      | Killed a phantom
  3515 | D:5      | Entered Level 5 of the Dungeon
  3539 | D:5      | Reached XP level 7. HP: 38/38 MP: 5/11
  3597 | D:5      | Found a glowing golden altar of the Shining One.
  3625 | D:5      | Reached skill level 6 in Unarmed Combat
  3755 | D:5      | Found Dossoq's Assorted Antiques.
  3763 | D:5      | Bought a fine copper amulet for 135 gold pieces
  3763 | D:5      | Identified the amulet of the Devil {Spirit Fragile rF+++ MP-9 Slay+3} (You bought it in a shop on level 5 of the Dungeon)
  4044 | D:5      | Noticed Menkaure
  4070 | D:5      | Noticed xccam's ghost (novice TrBe)
  4589 | D:5      | Reached skill level 5 in Fighting
  4617 | D:5      | Killed Menkaure
  4794 | D:6      | Gained mutation: You have razor-sharp teeth. [Vine Stalker growth]
  4794 | D:6      | Reached XP level 8. HP: 32/43 MP: 6/12
  4950 | D:6      | Found a hazy altar of Hepliaklqana.
  4976 | D:6      | Reached skill level 7 in Unarmed Combat
  5312 | D:5      | Learned a level 4 spell: Ice Form
  5371 | D:6      | Found a glowing silver altar of Zin.
  5540 | D:6      | Reached skill level 5 in Transmutations
  5742 | D:7      | Found a white marble altar of Elyvilon.
  5753 | D:7      | Found a staircase to the Ecumenical Temple.
  5762 | Temple   | Entered the Ecumenical Temple
  5769 | Temple   | Reached skill level 8 in Unarmed Combat
  5823 | Temple   | Became a worshipper of Cheibriados the Contemplative
  5965 | D:7      | Reached XP level 9. HP: 41/47 MP: 8/13
  6296 | D:7      | Reached skill level 9 in Unarmed Combat
  6316 | D:7      | Reached * piety under Cheibriados
  6404 | D:7      | Found a hide-covered altar of Uskayaw.
  6991 | D:4      | HP: 2/47 [Kairos's ghost (7)]
  7119 | D:2      | Noticed Crazy Yiuf
  7124 | D:2      | Killed Crazy Yiuf
  7292 | D:8      | Noticed a two-headed ogre
  7305 | D:7      | Killed a two-headed ogre
  7305 | D:7      | Reached skill level 10 in Unarmed Combat
  7305 | D:7      | Reached XP level 10. HP: 39/51 MP: 14/14
  7348 | D:8      | Noticed a two-headed ogre
  7468 | D:8      | Noticed a two-headed ogre
  7477 | D:8      | Killed a two-headed ogre
  7585 | D:8      | Reached ** piety under Cheibriados
  7636 | D:8      | Reached skill level 1 in Ice Magic
  7698 | D:8      | HP: 1/51 [two-headed ogre/dire flail (24)]
  7706 | D:8      | Killed a two-headed ogre
  7706 | D:8      | Reached skill level 11 in Unarmed Combat
  7880 | D:8      | HP: 1/51 [acid (6)]
  7881 | D:8      | Splashed by a jelly's acid

Skill      XL: |  1  2  3  4  5  6  7  8  9 10 |
---------------+-------------------------------+-----
Fighting       | 1 2 3 4 5 |  5.0
Unarmed Combat | 4 5 6 8 10 11 | 11.3
Transmutations | 3 6 8 9 |  9.2
Ice Magic      | 3 |  3.7
Dodging        | |  1.5
Spellcasting   | |  2.1

Action                   |  1- 3 |  4- 6 |  7- 9 | 10-12 || total
-------------------------+-------+-------+-------+-------++-------
Melee: Unarmed           |    72 |   165 |   408 |    73 ||   718
       Bite              |    18 |    45 |   120 |    40 ||   223
       Kick              |     5 |     6 |       |       ||    11
       Punch             |     2 |     1 |    18 |     2 ||    23
       Headbutt          |       |     1 |       |       ||     1
 Fire: Hunting sling     |       |    27 |    13 |       ||    40
Throw: Throwing net      |       |       |     2 |     1 ||     3
       Stone             |       |       |     1 |       ||     1
 Cast: Beastly Appendage |     4 |     4 |       |       ||     8
       Sticks to Snakes  |       |     3 |     7 |     2 ||    12
       Spider Form       |       |       |     6 |     2 ||     8
Evoke: Wand              |       |       |     3 |     3 ||     6
  Use: Scroll            |       |    10 |     6 |     1 ||    17
 Stab: Sleeping          |       |       |     1 |       ||     1
       Held in net/web   |       |       |     3 |       ||     3
  Eat: Chunk             |     1 |     4 |    12 |     1 ||    18
       Ration            |       |     1 |     3 |       ||     4
Armor: Robe              |    12 |    19 |    43 |    21 ||    95
       Skin              |       |       |     4 |       ||     4
Dodge: Dodged            |    48 |    87 |   194 |    29 ||   358
